 Dungeon Crawl Stone Soup version 0.30-a0-222-ge547ba4400 (webtiles) character file.

Game seed: 5180146594936998711

51 qw the Chopper (level 3, -8/23 HPs)
             Began as a Gargoyle Fighter on Oct 8, 2022.
             Mangled by an orc priest
             ... wielding a +0 short sword
              (10 damage)
             ... on level 2 of the Dungeon.
             The game lasted 00:00:33 (877 turns).

qw the Chopper (Gargoyle Fighter)                    Turns: 877, Time: 00:00:33

Health: -8/23      AC: 15    Str: 19 (20) XL:     3   Next: 83%
Magic:  3/3        EV:  5    Int: 11 (12) God:
Gold:   32         SH:  4    Dex:  8      Spells: 2/2 levels left

rFire   . . .      SeeInvis .    Y - +0 war axe
rCold   . . .      Faith    .    c - +0 buckler
rNeg    + . .      Spirit   .    f - +1 plate armour
rPois   inf        Reflect  .    (no helmet)
rElec   +          Harm     .    (no cloak)
rCorr   .          Rampage  .    (no gloves)
Will    .....                    (no boots)
Stlth   ..........               (no amulet)
HPRegen 0.23/turn                (no ring)
MPRegen 0.08/turn                (no ring)

@: no status effects
A: sickness immunity, AC +3, negative energy resistance 1, electricity
resistance, torment resistance 1, petrification resistance, talons 1, clever 1,
deterioration 1
a: no special abilities


You were on level 2 of the Dungeon.
You visited 1 branch of the dungeon, and saw 2 of its levels.

You collected 58 gold pieces.
You spent 26 gold pieces at shops.


Innate Abilities, Weirdness & Mutations

You are immune to sickness and miasma.
Your stone body is resilient. (AC +3)
You are immune to poison.
You resist negative energy. (rN+)
You are resistant to electric shocks. (rElec)
You are resistant to unholy torment.
You are immune to petrification.
You have sharp toenails.
Your mind is acute. (Int +4, Str/Dex -1)
Your body sometimes deteriorates upon taking damage.


   Skills:
 - Level 3.2 Fighting
 + Level 3.6 Axes
 - Level 3.2 Armour
 - Level 3.2 Shields


You had 2 spell levels left.
You didn't know any spells.
Your spell library was empty.

Inventory:

Hand Weapons
 a - a +0 whip
 Y - a +0 war axe (weapon)
Armour
 c - a +0 buckler (worn)
 f - a +1 plate armour (worn)
Jewellery
 n - a ring of fire
Scrolls
 h - a scroll of identify
Potions
 d - 2 potions of might
 m - 2 potions of mutation

Dungeon Overview and Level Annotations

Branches:
Dungeon (2/15)

Altars:

Shops:
D:1 ?


Message History

You hit the orc. Your kick misses the orc.
The orc is heavily wounded.
The orc barely misses you.
The orc priest calls down the wrath of Beogh upon you.
Pain shoots through your body!
You bump into the rock wall.
The orc hits you but does no damage.
You hit the orc.
The orc is heavily wounded.
You feel less confused. The orc barely misses you.
The orc priest miscasts a cantrip.
You hit the orc.
The orc is heavily wounded.
The orc barely misses you.
The orc priest hits you with a +0 short sword.
The orc hits you but does no damage.
You hit the orc.
You kill the orc!
You completely miss the orc priest.
The orc priest hits you but does no damage.
You feel your strength returning.
You hit the orc priest.
The orc priest is lightly wounded.
The orc priest looks satisfied for a moment.
You barely miss the orc priest.
You claw the orc priest, but do no damage.
The orc priest is lightly wounded.
The orc priest hits you with a +0 short sword. x2
Your body deteriorates!
You feel dopey.
You hit the orc priest but do no damage.
The orc priest is lightly wounded.
The orc priest hits you but does no damage.
You barely miss the orc priest.
The orc priest is lightly wounded.
The orc priest hits you with a +0 short sword.
You hit the orc priest but do no damage.
The orc priest is lightly wounded.
The orc priest hits you with a +0 short sword!
You die...

#.# ..# # #.# #.# #
#.# #.# # #.# #.# #
#.############.###
#.....)o..........
#####..#########...###
#<...)o### #...#
#.###@...# #...# #.#
####.# ###...# #<# #.#
#.....# #.# #.#
#.#.#o# # #.# #.#
#.#.#.### #.# #.# #
#.#.... #[. #.#
#.##### ### #.# #.# #
#.# #.# #


You could see an orc priest.

Vanquished Creatures
  An orc wizard (D:2)
  A dart slug (D:1)
  2 orcs (D:2)
  3 bats (D:1)
  4 endoplasms (D:1)
  2 goblins (D:1)
  2 hobgoblins (D:1)
  4 jackals (D:1)
  6 kobolds
  2 quokkas
  2 rats (D:1)
29 creatures vanquished.

Notes
Turn   | Place    | Note
-------+----------+-------------------------------------------
     0 | D:1      | qw the Gargoyle Fighter began the quest for the Orb.
     0 | D:1      | Reached XP level 1. HP: 14/14 MP: 1/1
     0 | D:1      | 0 ||| qw: Version: 0.2-a-17-g06abaee
     0 | D:1      | 0 ||| qw: Game counter: 2021
     0 | D:1      | 0 ||| qw: Always use a shield: true
     0 | D:1      | 0 ||| qw: God list: Okawaru
     0 | D:1      | 0 ||| qw: Allow faded altars: false
     0 | D:1      | 0 ||| qw: Do Orc after D:15 true
     0 | D:1      | 0 ||| qw: Do second Lair branch before Depths: true
     0 | D:1      | 0 ||| qw: Lair rune preference: random
     0 | D:1      | 0 ||| qw: Plans: Normal, Zot:1-4, God:TSO, Crypt, Tomb,
                  | Pan, Slime:5, Hells, Abyss, Orb
     0 | D:1      | 0 ||| PLANNING D:1-11
    52 | D:1      | 52 ||| Stepping ~*~*~tactically~*~*~ (hiding).
   225 | D:1      | Reached XP level 2. HP: 19/19 MP: 2/2
   293 | D:1      | Found Jerhasec's Magic Scroll Boutique.
   304 | D:1      | 304 ||| BUYING scroll of identify (26 gold).
   304 | D:1      | Bought a scroll of identify for 26 gold pieces
   355 | D:1      | 355 ||| Stepping ~*~*~tactically~*~*~ (stealth).
   410 | D:1      | Reached skill level 3 in Axes
   455 | D:1      | Reached XP level 3. HP: 23/23 MP: 3/3
   642 | D:1      | 642 ||| UPGRADING to +0 plate armour.
   652 | D:1      | 652 ||| DROPPING +0 scale mail.
   653 | D:1      | 653 ||| READING 2 scrolls labelled MAMIHI NUIBAARINUA.
   654 | D:1      | 654 ||| READING scroll labelled UNICIMA METRI.
   659 | D:1      | 659 ||| READING scroll labelled WATHRU GUUHABB.
   660 | D:1      | 660 ||| READING scroll labelled PUD NIELI GOTS.
   661 | D:1      | 661 ||| READING scroll labelled VYTENAS CITEGA.
   662 | D:1      | 662 ||| READING 2 scrolls labelled OKU IRHIK TOU.
   663 | D:1      | 663 ||| READING scroll of enchant armour.
   663 | D:1      | 663 ||| ENCHANTING +0 plate armour.
   664 | D:1      | 664 ||| DRINKING 2 bubbling black potions.
   664 | D:1      | Gained mutation: Your body sometimes deteriorates upon
                  | taking damage. [potion of mutation]
   664 | D:1      | Gained mutation: Your mind is acute. (Int +4, Str/Dex -1)
                  | [potion of mutation]
   664 | D:1      | Gained mutation: You have sharp toenails. [potion of
                  | mutation]
   665 | D:1      | 665 ||| READING 2 scrolls of identify.
   665 | D:1      | 665 ||| IDENTIFYING smoky sapphire potion
   666 | D:1      | 666 ||| DROPPING scroll of fear.
   667 | D:1      | 667 ||| DROPPING potion of degeneration.
   722 | D:2      | 722 ||| DROPPING +0 club.
   822 | D:2      | 822 ||| FLEEEEING.
   825 | D:2      | 825 ||| FLEEEEING.
   826 | D:2      | 826 ||| FLEEEEING.
   827 | D:2      | 827 ||| FLEEEEING.
   828 | D:2      | 828 ||| FLEEEEING.
   829 | D:2      | 829 ||| FLEEEEING.
   830 | D:2      | 830 ||| FLEEEEING.
   831 | D:2      | 831 ||| FLEEEEING.
   832 | D:2      | 832 ||| FLEEEEING.
   833 | D:2      | 833 ||| FLEEEEING.
   840 | D:2      | 840 ||| FLEEEEING.
   841 | D:2      | 841 ||| FLEEEEING.
   842 | D:2      | 842 ||| FLEEEEING.
   843 | D:2      | 843 ||| FLEEEEING.
   848 | D:2      | 848 ||| FLEEEEING.
   853 | D:2      | 853 ||| FLEEEEING.
   854 | D:2      | 854 ||| FLEEEEING.
   855 | D:2      | 855 ||| FLEEEEING.
   856 | D:2      | 856 ||| FLEEEEING.
   857 | D:2      | 857 ||| FLEEEEING.
   858 | D:2      | 858 ||| FLEEEEING.
   866 | D:2      | Identified the +2 plate armour "Metyot" {rPois rF+ Will+
                  | Slay+6}
   876 | D:2      | HP: 2/23 [orc priest/+0 short sword (5)]
   877 | D:2      | Mangled by an orc priest

Levels and vault maps discovered:
D:1:      minmay_arrival_nine_rooms, layout_basic, serial_shops, shop_statue
D:2:      layout_loops_ring, serial_shops, shop, basic_altar,
          minmay_fractal_squares_5, uniq_natasha, uniq_sigmund

Skill      XL: |  1  2 |
---------------+-------+-----
Axes           | 2 3 |  3.6
Fighting       | |  3.2
Armour         | |  3.2
Shields        | |  3.2

Action                   || total
-------------------------++-------
Melee: War axe           ||    91
       Kick              ||     3
  Use: Scroll            ||     8
       Potion            ||     1
Armor: Scale mail        ||    36
       Plate armour      ||    28
Dodge: Dodged            ||    42
Block: Buckler           ||    10

Table legend:
 A = Non-vault XP
 B = Vault XP
 C = Vault XP percentage of total XP
 D = Non-vault monster count
 E = Vault monster count
 F = Vault count percentage of total count
                 A         B        C        D         E       F
            +---------+---------+-------+---------+---------+-------
      Total |      74 |       0 |   0.0 |      29 |       0 |   0.0
            +---------+---------+-------+---------+---------+-------
        D:1 |      43 |       0 |   0.0 |      23 |       0 |   0.0
        D:2 |      31 |       0 |   0.0 |       6 |       0 |   0.0
            +---------+---------+-------+---------+---------+-------
